 Dungeon Crawl Stone Soup version 0.27-a0-417-g317cea8a3c (webtiles) character file.

Game seed: 13607636516586607422

3605 kniiight the Thaumaturge (level 9, -24/41 HPs)
             Began as a Spriggan Conjurer on Feb 25, 2021.
             Was an Elder of Vehumet.
             Annihilated by a komodo dragon (32 damage)
             ... on level 1 of the Lair of Beasts.
             The game lasted 00:27:27 (8484 turns).

kniiight the Thaumaturge (Spriggan Conjurer)        Turns: 8484, Time: 00:27:30

Health: -24/41     AC:  2    Str:  4    XL:     9   Next: 86%
Magic:  7/25       EV: 22    Int: 22    God:    Vehumet [****..]
Gold:   407        SH:  0    Dex: 19    Spells: 6/30 levels left

rFire    . . .     SeeInvis +   (weapon restricted)
rCold    . . .     Faith    .   (shield restricted)
rNeg     . . .     Spirit   .   a - +0 robe
rPois    .         Reflect  .   (helmet restricted)
rElec    .         Harm     .   (no cloak)
rCorr    .         Rampage  .   (gloves unavailable)
Will     +....                  (boots unavailable)
Stlth    ++++......             k - amulet of regeneration
HPRegen  1.13/turn              p - +6 ring of dexterity
MPRegen  0.19/turn              G - ring of wizardry

@: very quick
A: very small, unfitting armour, see invisible, speed 3
a: Renounce Religion


You were on level 1 of the Lair of Beasts.
You worshipped Vehumet.
Vehumet was greatly pleased with you.
You visited 2 branches of the dungeon, and saw 9 of its levels.
You also visited: Sewer and Ossuary.

You collected 407 gold pieces.

Inventory:

Missiles
 c - 5 curare-tipped darts
 g - 45 bolts
Armour
 a - a +0 robe (worn)
Jewellery
 k - an amulet of regeneration (around neck)
 l - a ring of willpower
 p - a +6 ring of dexterity (left hand)
 D - a +6 ring of dexterity
 G - a ring of wizardry (right hand)
Wands
 C - a wand of charming (7)
 E - a wand of flame (14)
Scrolls
 b - 9 scrolls of teleportation
 d - a scroll of fog
 i - 2 scrolls of enchant armour
 j - 2 scrolls of amnesia
 q - 4 scrolls of magic mapping
 r - a scroll of noise {unknown}
 t - a scroll of torment {unknown}
 u - 3 scrolls of blinking
 v - 4 scrolls of identify
 x - 2 scrolls of random uselessness {unknown}
 y - 2 scrolls of enchant weapon
 F - a scroll of fear
Potions
 e - a potion of ambrosia
 f - 7 potions of curing
 h - 5 potions of lignification
 m - 2 potions of berserk rage
 n - 4 potions of might
 o - a potion of heal wounds
 s - a potion of magic {unknown}
 w - 3 potions of flight
 z - a potion of brilliance {unknown}
 A - a potion of invisibility {unknown}
 B - a potion of resistance {unknown}


   Skills:
 + Level 1.4 Fighting
 + Level 6.1 Dodging
 + Level 6.7 Stealth
 + Level 0.1 Unarmed Combat
 + Level 11.2 Spellcasting
 + Level 7.3 Conjurations
 + Level 0.6 Hexes
 + Level 0.1 Fire Magic
 + Level 0.4 Ice Magic
 + Level 0.1 Earth Magic


You had 6 spell levels left.
You knew the following spells:

 Your Spells              Type           Power        Failure   Level
a - Magic Dart            Conj           100%         1%          1
b - Searing Ray           Conj           88%          1%          2
c - Fulminant Prism       Conj/Hex       15%          1%          4
d - Iskenderun's Mystic   Conj/Tloc      28%          1%          4
e - Tukima's Dance        Hex            15%          4%          3
f - Ensorcelled Hibernat  Hex/Ice        28%          2%          2
g - Confusing Touch       Hex            15%          4%          3
h - Bolt of Magma         Conj/Fire/Erth 11%          6%          5

Your spell library contained the following spells:

 Spells                   Type           Power        Failure   Level
 Corona                   Hex            16%          1%          1
 Dazzling Flash           Conj/Hex       60%          1%          3
 Inner Flame              Hex/Fire       14%          1%          3
 Summon Small Mammal      Summ           48%          2%          1
 Slow                     Hex            15%          2%          2
 Call Imp                 Summ           12%          3%          2
 Call Canine Familiar     Summ           12%          6%          3
 Portal Projectile        Hex/Tloc       26%          6%          3
 Summon Guardian Golem    Hex/Summ       13%          6%          3
 Cause Fear               Hex            7%           16%         4
 Leda's Liquefaction      Hex/Erth       7%           17%         4
 Summon Ice Beast         Ice/Summ       13%          19%         4
 Animate Armour           Summ/Erth      24%          21%         4
 Summon Lightning Spire   Summ/Air       12%          21%         4
 Silence                  Hex/Air        6%           45%         5
 Borgnjor's Vile Clutch   Necr/Erth      6%           47%         5
 Shadow Creatures         Summ           N/A          96%         6


Dungeon Overview and Level Annotations

Branches:
Dungeon (8/15)             Temple (0/1) D:6            Lair (1/6) D:8
  Sewer (visited)         Ossuary (visited)

Altars:
Elyvilon
Qazlal
Trog
Vehumet
Xom
Zin


Innate Abilities, Weirdness & Mutations

You are very small and have problems with some larger weapons.
You are too small for most types of armour.
You have supernaturally acute eyesight. (SInv)
You cover ground extremely quickly.


Message History

You feel your power returning.
You finish channeling your searing ray.
Found a scroll of enchant armour.
Casting: Searing Ray (safe; 1% risk of failure)
Confirm with . or Enter, or press ? or * to list all spells.
Aiming: Searing Ray (safe; 1% risk of failure)
Press: ? - help, Shift-Dir - straight line, f - komodo dragon
Aim: a komodo dragon (13% to evade)
The searing ray hits the komodo dragon!
The komodo dragon is moderately wounded. (Press . to maintain the ray.)
The searing ray hits the komodo dragon.
The komodo dragon is moderately wounded.
The searing ray misses the komodo dragon.
The komodo dragon barely misses you.
Casting: Searing Ray (safe; 1% risk of failure)
Confirm with . or Enter, or press ? or * to list all spells.
Aiming: Searing Ray (safe; 1% risk of failure)
Press: ? - help, Shift-Dir - straight line, f/p - komodo dragon
Aim: a komodo dragon (moderately wounded, 13% to evade)
The searing ray hits the komodo dragon!
The komodo dragon is heavily wounded. (Press . to maintain the ray.)
The searing ray hits the komodo dragon!
The komodo dragon is severely wounded.
The komodo dragon closely misses you.
The searing ray hits the komodo dragon.
The komodo dragon is severely wounded.
The komodo dragon bites you!!
Ouch! That really hurt!
* * * LOW HITPOINT WARNING * * *
Casting: Searing Ray (safe; 1% risk of failure)
Confirm with . or Enter, or press ? or * to list all spells.
Aiming: Magic Dart (safe; 1% risk of failure)
Press: ? - help, Shift-Dir - straight line, f/p - komodo dragon
Aim: a komodo dragon (severely wounded, 0% to evade)
The magic dart hits the komodo dragon but does no damage.
The komodo dragon is severely wounded.
The komodo dragon bites you!!
Ouch! That really hurt!
You die...

............#
....##.......##
###
#.........##
..#..>....#.#
#............#
#..#.......#.#
............#
.#.#.#.#.#l#
.?.......@#
........##
......# ......
.....# .....
..... ....


You could see a komodo dragon.

Vanquished Creatures
  A two-headed ogre (D:8)
  Psyche (D:8)
  A komodo dragon (Lair:1)
  An ice beast (D:6)
  A sky beast (D:6)
  An orc warrior (D:8)
  A black bear (D:8)
  2 ogres (D:7)
  2 centaurs (D:8)
  2 phantoms (D:4)
  4 bullfrogs
  6 water moccasin zombies (Ossuary)
  4 wights (D:8)
  A howler monkey (D:8)
  3 bullfrog zombies
  An orc priest (D:8)
  A jelly (D:7)
  A quasit (D:7)
  A bullfrog skeleton (D:7)
  A hound (D:4)
  2 iguanas
  An orc wizard (D:8)
  5 worker ants
  2 hound skeletons
  3 hound zombies
  2 mummies (Ossuary)
  8 adders
  4 white imps
  2 ufetubi
  6 oozes
  5 adder zombies (Ossuary)
  4 worms (Sewer)
  A dart slug (D:2)
  6 leopard geckos
  6 orcs
  9 bats
  9 giant cockroaches
  A gnoll zombie (Ossuary)
  9 goblins
  2 hobgoblins (D:2)
  10 jackals
  12 kobolds
  7 quokkas
  5 ball pythons
  7 frilled lizards
  4 hobgoblin zombies (Ossuary)
  5 kobold zombies (Ossuary)
  6 orc zombies (Ossuary)
  2 quokka skeletons
  19 rats
200 creatures vanquished.

Vanquished Creatures (others)
  5 fungi (D:8)
  6 plants (D:8)
11 creatures vanquished.

Grand Total: 211 creatures vanquished

Notes
Turn   | Place    | Note
-------+----------+-------------------------------------------
     0 | D:1      | kniiight the Spriggan Conjurer began the quest for the Orb.
     0 | D:1      | Reached XP level 1. HP: 9/9 MP: 5/5
   278 | D:1      | Reached XP level 2. HP: 13/13 MP: 0/6
   281 | D:1      | Learned a level 2 spell: Searing Ray
   417 | D:1      | Reached skill level 3 in Spellcasting
   841 | D:1      | Reached XP level 3. HP: 16/16 MP: 5/8
  1302 | D:2      | Reached XP level 4. HP: 21/21 MP: 0/10
  1613 | D:2      | Found a stormy altar of Qazlal.
  1648 | D:2      | Found a radiant altar of Vehumet.
  1655 | D:2      | Became a worshipper of Vehumet
  2076 | D:2      | Learned a level 4 spell: Fulminant Prism
  2479 | D:3      | Reached skill level 4 in Spellcasting
  2925 | D:4      | Reached XP level 5. HP: 24/24 MP: 8/12
  3095 | D:4      | Noticed a phantom
  3107 | D:4      | Killed a phantom
  3222 | D:4      | Found a bloodstained altar of Trog.
  3323 | D:4      | Found a glowing silver altar of Zin.
  3323 | D:4      | Noticed a phantom
  3346 | D:4      | Killed a phantom
  3347 | D:4      | Reached skill level 5 in Spellcasting
  3347 | D:4      | Reached XP level 6. HP: 24/28 MP: 0/15
  3640 | D:4      | Reached * piety under Vehumet
  3640 | D:4      | Offered knowledge of Foxfire by Vehumet.
  3699 | D:5      | Entered Level 5 of the Dungeon
  3809 | D:5      | Reached skill level 6 in Spellcasting
  4176 | D:5      | Found a sand-covered staircase.
  4202 | Ossuary  | Entered an ossuary
  4373 | Ossuary  | Offered knowledge of Freeze by Vehumet.
  4374 | Ossuary  | Reached XP level 7. HP: 24/32 MP: 5/18
  4468 | Ossuary  | Reached skill level 7 in Spellcasting
  4469 | Ossuary  | Reached ** piety under Vehumet
  4665 | Ossuary  | Reached skill level 5 in Conjurations
  4827 | D:6      | Found a glowing drain.
  4890 | D:6      | Reached skill level 8 in Spellcasting
  4945 | D:6      | Reached XP level 8. HP: 13/37 MP: 7/21
  5041 | Sewer    | Entered a sewer
  5260 | Sewer    | Offered knowledge of Conjure Flame by Vehumet.
  5477 | Sewer    | Reached *** piety under Vehumet
  5812 | D:6      | Found a staircase to the Ecumenical Temple.
  6239 | D:7      | Found a white marble altar of Elyvilon.
  6304 | D:7      | Reached skill level 5 in Stealth
  6520 | D:7      | Offered knowledge of Frozen Ramparts by Vehumet.
  6526 | D:7      | Learned a level 4 spell: Iskenderun's Mystic Blast
  6530 | D:7      | Learned a level 3 spell: Tukima's Dance
  6533 | D:7      | Learned a level 2 spell: Ensorcelled Hibernation
  6537 | D:7      | Learned a level 3 spell: Confusing Touch
  6711 | D:7      | Reached skill level 5 in Dodging
  6713 | D:7      | Reached skill level 9 in Spellcasting
  7255 | D:8      | Noticed Psyche
  7266 | D:8      | Killed Psyche
  7267 | D:8      | Reached skill level 1 in Fighting
  7267 | D:8      | Reached XP level 9. HP: 19/41 MP: 12/23
  7404 | D:8      | Found a shimmering altar of Xom.
  7625 | D:8      | Reached skill level 10 in Spellcasting
  7805 | D:8      | Reached **** piety under Vehumet
  7814 | D:8      | Offered knowledge of Bolt of Magma by Vehumet.
  7865 | D:8      | Noticed a two-headed ogre
  7872 | D:8      | Learned a level 5 spell: Bolt of Magma
  7899 | D:8      | Killed a two-headed ogre
  8006 | D:8      | Found a staircase to the Lair.
  8216 | D:8      | Reached skill level 11 in Spellcasting
  8454 | Lair:1   | Entered Level 1 of the Lair of Beasts
  8455 | Lair:1   | Noticed a komodo dragon
  8455 | Lair:1   | Noticed a komodo dragon
  8467 | Lair:1   | Killed a komodo dragon
  8484 | Lair:1   | Annihilated by a komodo dragon

Illustrated notes

Levels and vault maps discovered:
D:1:      roderic_crossed_star, layout_rooms
D:2:      layout_loops_ring, gammafunk_temple_overflow_statue
D:3:      layout_basic
D:4:      layout_basic, bloody_trog, overflow_temple_1_default,
          eino_tiny_chamber
D:5:      layout_rooms, enter_ossuary_5
D:6:      layout_rooms, temple_pool_b, portal_sewer_entry_b
D:7:      layout_loops_cross, basic_altar
D:8:      layout_loops_corners, dpeg_oklobed_lair, minmay_hedge_maze,
          xom_teletrap_fun, uniq_psyche
Lair:1:   layout_cave_pods, chequers_serial_rivers_marsh,
          chequers_serial_rivers_micro_e, st_stairs_4, worms_lemuel,
          infiniplex_staircase_pool

Skill      XL: |  1  2  3  4  5  6  7  8  9 |
---------------+----------------------------+-----
Conjurations   | 3 4 5 6 7 |  7.3
Spellcasting   | 3 4 5 6 8 9 11 | 11.2
Dodging        | 3 4 5 6 |  6.1
Stealth        | 4 6 |  6.7
Fighting       | 1 |  1.4
Unarmed Combat | |  0.1
Hexes          | |  0.6
Fire Magic     | |  0.1
Ice Magic      | |  0.4
Earth Magic    | |  0.1

Action                   |  1- 3 |  4- 6 |  7- 9 || total
-------------------------+-------+-------+-------++-------
Melee: Unarmed           |       |       |     1 ||     1
 Cast: Magic Dart        |    67 |    90 |   108 ||   265
       Searing Ray       |     1 |    24 |    78 ||   103
       Ensorcelled Hiber |       |       |     2 ||     2
       Bolt of Magma     |       |       |     1 ||     1
  Use: Scroll            |       |    13 |     1 ||    14
       Potion            |       |       |     2 ||     2
Armor: Robe              |     3 |     1 |     2 ||     6
Dodge: Dodged            |    10 |    41 |    66 ||   117

Table legend: (Time is in decaauts)
 A = Elapsed time spent in this place.
 B = Non-inter-level travel time spent in this place.
 C = Inter-level travel time spent in this place.
 D = Time resting spent in this place.
 E = Time spent auto-exploring this place.
 F = Levels seen in this place.
 G = Mean time per level.
                   A        B        C        D        E       F      G
               +--------+--------+--------+--------+--------+-----+--------+
         Total |   6786 |   6703 |     83 |    488 |   5244 |  11 |  616.9 |
       Dungeon |   5662 |   5579 |     83 |    233 |   4642 |   8 |  707.8 |
          Lair |     24 |     24 |      0 |      0 |      0 |   1 |   24.0 |
         Sewer |    597 |    597 |      0 |     62 |    375 |   1 |  597.0 |
       Ossuary |    501 |    501 |      0 |    193 |    227 |   1 |  501.0 |
               +--------+--------+--------+--------+--------+-----+--------+

Top non-repeatable levels by time:
     D:8: 978 daAuts
     D:1: 838 daAuts
     D:2: 814 daAuts
     D:7: 768 daAuts
     D:3: 652 daAuts
     D:4: 609 daAuts
   Sewer: 597 daAuts
     D:6: 555 daAuts
 Ossuary: 501 daAuts
     D:5: 445 daAuts
  Lair:1: 24 daAuts
